Thrashers vs Hurricanes

Created - February 24 2011 at 18:07

Goals
1 2 3 T
Thrashers 0 0 2 2
Hurricanes 0 2 2 4
Shots
1 2 3 T
Thrashers 7 6 15 28
Hurricanes 7 7 9 23

Period #1

No Goal

Penalties :
Ryan OByrne (CAR) for Slashing (Minor) at 3:54, James Wisniewski (ATL) for Hooking (Minor) at 7:19, Shawn Thornton (CAR) for Hooking (Minor) at 10:50, Brandon Yip (CAR) for Diving (Minor) at 13:40, Erik Cole (CAR) for Hooking (Minor) at 17:48, Ryan Callahan (ATL) for Hooking (Minor) at 17:57, Mathieu Schneider (CAR) for Hooking (Minor) at 18:57

Period #2

1. Hurricanes , Johnny Oduya 6 (Jere Lehtinen, Jamie Benn) at 7:41 (PP)
2. Hurricanes , Brandon Yip 17 (Mathieu Schneider, Michael Ryder) at 8:14

Penalties :
Andy Greene (CAR) for Elbowing (Minor) at 2:07, Brenden Morrow (ATL) for Tripping (Minor) at 7:01, Ryan Malone (ATL) for Hooking (Minor) at 11:59

Period #3

3. Thrashers , Ryan Callahan 16 (Sergei Gonchar, Antoine Vermette) at 2:18 (PP)
4. Hurricanes , Brandon Yip 18 (Jere Lehtinen) at 14:39
5. Thrashers , Antoine Vermette 14 (Sergei Gonchar, Ryan Callahan) at 16:12 (PP)
6. Hurricanes , Erik Cole 15 (Ryan OByrne, Mathieu Roy) at 18:19

Penalties :
Johnny Oduya (CAR) for Tripping (Minor) at 0:33, Ryan Malone (ATL) for Holding (Minor) at 2:22, Sergei Gonchar (ATL) for Interference (Minor) at 4:57, Anders Eriksson (CAR) for Hooking (Minor) at 10:09, Johnny Oduya (CAR) for Hooking (Minor) at 15:08

Goalie Stats

Roberto Luongo (ATL), 19 saves from 23 shots - (0.826), L, 36-22-3, 60:00 minutes
Pascal Leclaire (CAR), 26 saves from 28 shots - (0.929), W, 22-28-9, 60:00 minutes

Players Stats

Thrashers
Player Name              G  A  P  +/- PIM S  H  SB FO    MP 
------------------------------------------------------------
Alex Goligoski           0  0  0   0  0   2  0  1  0/0   20 
Antoine Vermette         1  1  2  -2  0   4  1  2  8/13  23 
Benoit Pouliot           0  0  0   0  0   0  0  0  0/0   6  
Brad Boyes               0  0  0  -1  0   0  0  0  0/0   15 
Brenden Morrow           0  0  0   0  2   0  1  0  1/4   22 
Brian Rolston            0  0  0   0  0   0  0  0  0/0   2  
Christian Ehrhoff        0  0  0  -1  0   3  0  2  0/0   23 
Dave Bolland             0  0  0  -1  0   3  0  0  6/11  11 
James Wisniewski         0  0  0   0  2   1  1  1  0/0   22 
Mark Giordano            0  0  0  -1  0   0  4  1  0/0   12 
Martin Erat              0  0  0   0  0   1  1  0  0/3   17 
Mike Ribeiro             0  0  0   0  0   1  0  0  13/18 18 
Nik Antropov             0  0  0  -2  0   4  0  1  17/29 19 
Rene Bourque             0  0  0  -1  0   0  0  0  0/1   12 
Ryan Callahan            1  1  2  -2  2   3  5  0  0/1   14 
Ryan Malone              0  0  0   0  4   1  0  0  1/3   16 
Ryan Suter               0  0  0  -2  0   2  0  3  0/0   16 
Sergei Gonchar           0  2  2  -2  2   3  0  2  0/0   22 
Hurricanes
Player Name              G  A  P  +/- PIM S  H  SB FO    MP 
------------------------------------------------------------
Anders Eriksson          0  0  0   0  2   0  0  0  0/0   8  
Andy Greene              0  0  0   0  2   3  1  3  0/0   19 
Brandon Yip              2  0  2   2  2   2  0  0  0/0   12 
Brent Sopel              0  0  0   2  0   1  2  0  0/0   12 
Derick Brassard          0  0  0   1  0   1  1  0  4/8   8  
Eric Belanger            0  0  0   1  0   1  0  0  9/12  14 
Erik Cole                1  0  1   1  2   4  2  0  1/2   19 
Jamie Benn               0  1  1   0  0   1  3  0  2/6   17 
Jarome Iginla            0  0  0   0  0   1  1  0  13/26 24 
Jed Ortmeyer             0  0  0   1  0   1  1  0  0/0   13 
Jere Lehtinen            0  2  2   1  0   0  0  0  2/9   19 
Johnny Oduya             1  0  1   0  4   3  1  3  0/0   22 
Mathieu Roy              0  1  1   1  0   1  0  0  0/0   21 
Mathieu Schneider        0  1  1   2  2   0  2  1  0/0   17 
Michael Ryder            0  1  1   2  0   1  1  0  0/6   18 
Ryan OByrne              0  1  1   1  2   0  3  0  0/0   19 
Shawn Thornton           0  0  0   0  2   0  2  0  0/0   8  
Steven Reinprecht        0  0  0   0  0   3  0  0  6/14  11 

3 Stars

1 - Brandon Yip (CAR)
2 - Jere Lehtinen (CAR)
3 - Antoine Vermette (ATL)

Power Play

Thrashers - 2 on 9 Attempt(s) - 22.22%
Hurricanes - 1 on 6 Attempt(s) - 16.67%

Penalty Kill

Thrashers - 5 on 6 Attempt(s) - 83.33% - Score 0 goal in Penalty Kill
Hurricanes - 7 on 9 Attempt(s) - 77.78% - Score 0 goal in Penalty Kill

Game Notes

Derick Brassard is injured at 17:45 of 2nd period (Sprained Left Knee)
Alex Goligoski is injured at 12:54 of 3rd period (Flu)

Finance

Level 1 -- Attendance: 6000 (100.00%) -- Ticket Income $540,000.00
Level 2 -- Attendance: 3621 (72.42%) -- Ticket Income $199,155.00
Level 3 -- Attendance: 2883 (82.37%) -- Ticket Income $100,905.00
Level 4 -- Attendance: 2673 (82.76%) -- Ticket Income $50,787.00
Luxury Box -- Attendance: 1000 (100.00%) -- Ticket Income $185,000.00
Game was played at the RBC Center
Total Attendance: 16177 (86.37%)
Total Ticket Income: $1,147,600.00
Other Income: $209,734.50
Total Income: $1,357,335.00


Play by Play

Period #1

0:01 of 1st period - Steven Reinprecht wins face-off versus Nik Antropov in neutral zone.
0:23 of 1st period - Antoine Vermette is hit by Jarome Iginla and loses puck.
0:59 of 1st period - Icing by James Wisniewski.
1:00 of 1st period - Eric Belanger wins face-off versus Mike Ribeiro in Thrashers zone.
1:23 of 1st period - Icing by Christian Ehrhoff.
1:24 of 1st period - Derick Brassard wins face-off versus Mike Ribeiro in Thrashers zone.
1:41 of 1st period - Shot by Derick Brassard.
1:41 of 1st period - Shot Misses the Net.
1:43 of 1st period - Shot by Brent Sopel.
1:43 of 1st period - Stopped by Roberto Luongo without a rebound.
1:44 of 1st period - Eric Belanger wins face-off versus Dave Bolland in Thrashers zone.
1:46 of 1st period - Erik Cole is hit by Mark Giordano and loses puck.
2:01 of 1st period - Shot by Jed Ortmeyer.
2:01 of 1st period - Shot Blocked by Mark Giordano.
2:03 of 1st period - Shot by Erik Cole.
2:03 of 1st period - Stopped by Roberto Luongo without a rebound.
2:04 of 1st period - Jarome Iginla wins face-off versus Antoine Vermette in Thrashers zone.
2:30 of 1st period - Icing by Anders Eriksson.
2:31 of 1st period - Dave Bolland wins face-off versus Jarome Iginla in Hurricanes zone.
2:44 of 1st period - Shot by Dave Bolland.
2:44 of 1st period - Stopped by Pascal Leclaire without a rebound.
2:45 of 1st period - Mike Ribeiro wins face-off versus Derick Brassard in Hurricanes zone.
2:56 of 1st period - Shot by Mike Ribeiro.
2:56 of 1st period - Shot Misses the Net.
2:58 of 1st period - Shot by Martin Erat.
2:58 of 1st period - Shot Misses the Net.
3:18 of 1st period - Shot by Brandon Yip.
3:18 of 1st period - Shot Misses the Net.
3:24 of 1st period - Shot by Martin Erat.
3:24 of 1st period - Shot Misses the Net.
3:54 of 1st period - Minor Penalty to Ryan OByrne for Slashing.
3:55 of 1st period - Nik Antropov wins face-off versus Jarome Iginla in Hurricanes zone.
3:56 of 1st period - Shot by Sergei Gonchar.
3:56 of 1st period - Stopped by Pascal Leclaire without a rebound.
3:57 of 1st period - Nik Antropov wins face-off versus Jarome Iginla in Hurricanes zone.
4:25 of 1st period - Shot by Nik Antropov.
4:25 of 1st period - Shot Misses the Net.
4:49 of 1st period - Shot by Christian Ehrhoff.
4:49 of 1st period - Shot Misses the Net.
6:15 of 1st period - Ryan Suter is hit by Derick Brassard and loses puck.
6:25 of 1st period - Brandon Yip is hit by Mark Giordano and loses puck.
6:38 of 1st period - Shot by Johnny Oduya.
6:38 of 1st period - Shot Misses the Net.
6:40 of 1st period - Shot by Johnny Oduya.
6:40 of 1st period - Stopped by Roberto Luongo without a rebound.
6:41 of 1st period - Mike Ribeiro wins face-off versus Jarome Iginla in Thrashers zone.
6:41 of 1st period - Mike Ribeiro is hit by Shawn Thornton.
6:50 of 1st period - Icing by Johnny Oduya.
6:51 of 1st period - Antoine Vermette wins face-off versus Jarome Iginla in Hurricanes zone.
7:16 of 1st period - Shot by Jarome Iginla.
7:16 of 1st period - Stopped by Roberto Luongo without a rebound.
7:17 of 1st period - Eric Belanger wins face-off versus Mike Ribeiro in Thrashers zone.
7:19 of 1st period - Minor Penalty to James Wisniewski for Hooking.
7:20 of 1st period - Eric Belanger wins face-off versus Nik Antropov in Thrashers zone.
7:31 of 1st period - Christian Ehrhoff is hit by Erik Cole.
8:09 of 1st period - Shot by Andy Greene.
8:09 of 1st period - Stopped by Roberto Luongo without a rebound.
8:10 of 1st period - Antoine Vermette wins face-off versus Steven Reinprecht in Thrashers zone.
8:35 of 1st period - Shot by Steven Reinprecht.
8:35 of 1st period - Shot Misses the Net.
9:18 of 1st period - Shot by Mathieu Roy.
9:18 of 1st period - Stopped by Roberto Luongo without a rebound.
9:19 of 1st period - Mike Ribeiro wins face-off versus Derick Brassard in Thrashers zone.
10:18 of 1st period - Shot by Erik Cole.
10:18 of 1st period - Shot Misses the Net.
10:20 of 1st period - Shot by Eric Belanger.
10:20 of 1st period - Stopped by Roberto Luongo with a rebound.
10:24 of 1st period - Shot by Erik Cole.
10:24 of 1st period - Shot Misses the Net.
10:33 of 1st period - Icing by Christian Ehrhoff.
10:34 of 1st period - Jarome Iginla wins face-off versus Brenden Morrow in Thrashers zone.
10:50 of 1st period - Minor Penalty to Shawn Thornton for Hooking.
10:51 of 1st period - Nik Antropov wins face-off versus Jarome Iginla in Hurricanes zone.
12:23 of 1st period - Shot by Ryan Malone.
12:23 of 1st period - Shot Blocked by Andy Greene.
13:40 of 1st period - Minor Penalty to Brandon Yip for Diving.
13:41 of 1st period - Jarome Iginla wins face-off versus Mike Ribeiro in Hurricanes zone.
13:49 of 1st period - Icing by Christian Ehrhoff.
13:50 of 1st period - Mike Ribeiro wins face-off versus Jarome Iginla in Thrashers zone.
13:57 of 1st period - Shot by Jarome Iginla.
13:57 of 1st period - Shot Blocked by Christian Ehrhoff.
13:59 of 1st period - Shot by Jere Lehtinen.
13:59 of 1st period - Shot Misses the Net.
14:27 of 1st period - Shot by Sergei Gonchar.
14:27 of 1st period - Shot Misses the Net.
14:50 of 1st period - Shot by Alex Goligoski.
14:50 of 1st period - Stopped by Pascal Leclaire without a rebound.
14:51 of 1st period - Jamie Benn wins face-off versus Martin Erat in Hurricanes zone.
15:11 of 1st period - Icing by Brenden Morrow.
15:12 of 1st period - Mike Ribeiro wins face-off versus Jamie Benn in Thrashers zone.
16:52 of 1st period - Johnny Oduya is hit by Ryan Callahan and loses puck.
17:10 of 1st period - Icing by Michael Ryder.
17:11 of 1st period - Jarome Iginla wins face-off versus Mike Ribeiro in Hurricanes zone.
17:26 of 1st period - Brenden Morrow is hit by Shawn Thornton and loses puck.
17:48 of 1st period - Minor Penalty to Erik Cole for Hooking.
17:49 of 1st period - Nik Antropov wins face-off versus Jere Lehtinen in Hurricanes zone.
17:49 of 1st period - Nik Antropov is hit by Ryan OByrne.
17:57 of 1st period - Minor Penalty to Ryan Callahan for Hooking.
17:58 of 1st period - Jere Lehtinen wins face-off versus Nik Antropov in Thrashers zone.
18:04 of 1st period - Icing by Christian Ehrhoff.
18:05 of 1st period - Nik Antropov wins face-off versus Jere Lehtinen in Thrashers zone.
18:05 of 1st period - Ryan Malone is hit by Jamie Benn.
18:11 of 1st period - Shot by Christian Ehrhoff.
18:11 of 1st period - Shot Misses the Net.
18:13 of 1st period - Shot by Nik Antropov.
18:13 of 1st period - Stopped by Pascal Leclaire with a rebound.
18:15 of 1st period - Shot by Nik Antropov.
18:15 of 1st period - Stopped by Pascal Leclaire without a rebound.
18:16 of 1st period - Antoine Vermette wins face-off versus Jere Lehtinen in Hurricanes zone.
18:35 of 1st period - Shot by Ryan Malone.
18:35 of 1st period - Shot Misses the Net.
18:37 of 1st period - Shot by Alex Goligoski.
18:37 of 1st period - Stopped by Pascal Leclaire without a rebound.
18:38 of 1st period - Eric Belanger wins face-off versus Nik Antropov in Hurricanes zone.
18:47 of 1st period - Nik Antropov is hit by Mathieu Schneider and loses puck.
18:57 of 1st period - Minor Penalty to Mathieu Schneider for Hooking.
18:58 of 1st period - Antoine Vermette wins face-off versus Jamie Benn in Hurricanes zone.
19:12 of 1st period - Icing by Brenden Morrow.
19:13 of 1st period - Antoine Vermette wins face-off versus Jere Lehtinen in Thrashers zone.
19:13 of 1st period - Antoine Vermette is hit by Ryan OByrne.
19:48 of 1st period - Shot by Nik Antropov.
19:48 of 1st period - Stopped by Pascal Leclaire without a rebound.
19:49 of 1st period - Jarome Iginla wins face-off versus Ryan Malone in Hurricanes zone.

Period #2

0:01 of 2nd period - Jarome Iginla wins face-off versus Nik Antropov in neutral zone.
1:05 of 2nd period - Ryan Malone is hit by Jamie Benn and loses puck.
1:11 of 2nd period - Off-side.
1:12 of 2nd period - Mike Ribeiro wins face-off versus Derick Brassard in neutral zone.
1:49 of 2nd period - Shot by Martin Erat.
1:49 of 2nd period - Stopped by Pascal Leclaire with a rebound.
2:06 of 2nd period - Brenden Morrow is hit by Johnny Oduya.
2:07 of 2nd period - Minor Penalty to Andy Greene for Elbowing.
2:08 of 2nd period - Nik Antropov wins face-off versus Jarome Iginla in Hurricanes zone.
2:31 of 2nd period - Shot by Antoine Vermette.
2:31 of 2nd period - Stopped by Pascal Leclaire without a rebound.
2:32 of 2nd period - Nik Antropov wins face-off versus Jarome Iginla in Hurricanes zone.
4:19 of 2nd period - Shot by Dave Bolland.
4:19 of 2nd period - Shot Misses the Net.
4:22 of 2nd period - Dave Bolland is hit by Brent Sopel and loses puck.
4:32 of 2nd period - Dave Bolland is hit by Mathieu Schneider and loses puck.
5:39 of 2nd period - Erik Cole is hit by Antoine Vermette and loses puck.
6:48 of 2nd period - Mathieu Roy is hit by James Wisniewski and loses puck.
7:01 of 2nd period - Minor Penalty to Brenden Morrow for Tripping.
7:02 of 2nd period - Nik Antropov wins face-off versus Steven Reinprecht in Thrashers zone.
7:33 of 2nd period - Shot by Johnny Oduya.
7:33 of 2nd period - Shot Misses the Net.
7:35 of 2nd period - Shot by Johnny Oduya.
7:35 of 2nd period - Stopped by Roberto Luongo with a rebound.
7:37 of 2nd period - Shot by Jere Lehtinen.
7:37 of 2nd period - Deflect By Jamie Benn.
7:37 of 2nd period - Shot Blocked by Ryan Suter.
7:39 of 2nd period - Shot by Jere Lehtinen.
7:39 of 2nd period - Shot Blocked by Nik Antropov.
7:41 of 2nd period - Shot by Johnny Oduya.
7:41 of 2nd period - Goal by Johnny Oduya - Thrashers : 0 - Hurricanes : 1.
7:42 of 2nd period - Derick Brassard wins face-off versus Dave Bolland in neutral zone.
8:03 of 2nd period - Michael Ryder is hit by Mark Giordano and loses puck.
8:06 of 2nd period - Shot by Derick Brassard.
8:06 of 2nd period - Shot Blocked by Ryan Suter.
8:14 of 2nd period - Shot by Brandon Yip.
8:14 of 2nd period - Goal by Brandon Yip - Thrashers : 0 - Hurricanes : 2.
8:15 of 2nd period - Nik Antropov wins face-off versus Jarome Iginla in neutral zone.
8:18 of 2nd period - Shot by Antoine Vermette.
8:18 of 2nd period - Stopped by Pascal Leclaire without a rebound.
8:19 of 2nd period - Jarome Iginla wins face-off versus Brenden Morrow in Hurricanes zone.
8:35 of 2nd period - Michael Ryder is hit by Martin Erat and loses puck.
9:02 of 2nd period - Shot by Sergei Gonchar.
9:02 of 2nd period - Stopped by Pascal Leclaire with a rebound.
9:04 of 2nd period - Shot by Ryan Callahan.
9:04 of 2nd period - Stopped by Pascal Leclaire without a rebound.
9:05 of 2nd period - Derick Brassard wins face-off versus Antoine Vermette in Hurricanes zone.
11:29 of 2nd period - Icing by Johnny Oduya.
11:30 of 2nd period - Steven Reinprecht wins face-off versus Ryan Callahan in Hurricanes zone.
11:32 of 2nd period - Icing by Jamie Benn.
11:33 of 2nd period - Steven Reinprecht wins face-off versus Nik Antropov in Hurricanes zone.
11:46 of 2nd period - Shot by Antoine Vermette.
11:46 of 2nd period - Stopped by Pascal Leclaire without a rebound.
11:47 of 2nd period - Dave Bolland wins face-off versus Derick Brassard in Hurricanes zone.
11:50 of 2nd period - Shot by Dave Bolland.
11:50 of 2nd period - Deflect By Ryan Malone.
11:50 of 2nd period - Shot Misses the Net.
11:59 of 2nd period - Minor Penalty to Ryan Malone for Hooking.
12:00 of 2nd period - Jere Lehtinen wins face-off versus Nik Antropov in Thrashers zone.
12:21 of 2nd period - Shot by Jere Lehtinen.
12:21 of 2nd period - Shot Misses the Net.
13:47 of 2nd period - Shot by Erik Cole.
13:47 of 2nd period - Stopped by Roberto Luongo without a rebound.
13:48 of 2nd period - Antoine Vermette wins face-off versus Steven Reinprecht in Thrashers zone.
14:03 of 2nd period - Shot by Michael Ryder.
14:03 of 2nd period - Stopped by Roberto Luongo with a rebound.
14:05 of 2nd period - Shot by Brandon Yip.
14:05 of 2nd period - Deflect By Michael Ryder.
14:05 of 2nd period - Shot Misses the Net.
14:09 of 2nd period - Shot by Michael Ryder.
14:09 of 2nd period - Shot Hit the Post.
15:47 of 2nd period - Antoine Vermette is hit by Jed Ortmeyer and loses puck.
17:43 of 2nd period - Shot by Derick Brassard.
17:43 of 2nd period - Stopped by Roberto Luongo without a rebound.
17:44 of 2nd period - Derick Brassard wins face-off versus Dave Bolland in Thrashers zone.
17:44 of 2nd period - Derick Brassard is hit by Mark Giordano.
17:45 of 2nd period - Derick Brassard from Hurricanes is injured at 17:45 of 2nd period (Sprained Left Knee).
17:46 of 2nd period - Dave Bolland wins face-off versus Michael Ryder in Thrashers zone.
17:55 of 2nd period - Shot by Ryan Malone.
17:55 of 2nd period - Shot Misses the Net.
18:02 of 2nd period - Off-side.
18:03 of 2nd period - Dave Bolland wins face-off versus Steven Reinprecht in neutral zone.
18:05 of 2nd period - Off-side.
18:06 of 2nd period - Steven Reinprecht wins face-off versus Dave Bolland in neutral zone.
18:29 of 2nd period - Shot by Steven Reinprecht.
18:29 of 2nd period - Stopped by Roberto Luongo without a rebound.
18:30 of 2nd period - Mike Ribeiro wins face-off versus Erik Cole in Thrashers zone.
19:18 of 2nd period - Icing by Johnny Oduya.
19:19 of 2nd period - Jarome Iginla wins face-off versus Dave Bolland in Hurricanes zone.

Period #3

0:01 of 3rd period - Nik Antropov wins face-off versus Steven Reinprecht in neutral zone.
0:11 of 3rd period - Nik Antropov is hit by Andy Greene and loses puck.
0:33 of 3rd period - Minor Penalty to Johnny Oduya for Tripping.
0:34 of 3rd period - Mike Ribeiro wins face-off versus Jere Lehtinen in Hurricanes zone.
0:45 of 3rd period - Michael Ryder is hit by Brenden Morrow and loses puck.
1:06 of 3rd period - Shot by Mike Ribeiro.
1:06 of 3rd period - Stopped by Pascal Leclaire without a rebound.
1:07 of 3rd period - Nik Antropov wins face-off versus Jere Lehtinen in Hurricanes zone.
1:20 of 3rd period - Shot by Sergei Gonchar.
1:20 of 3rd period - Stopped by Pascal Leclaire without a rebound.
1:21 of 3rd period - Jarome Iginla wins face-off versus Brenden Morrow in Hurricanes zone.
1:48 of 3rd period - Shot by Christian Ehrhoff.
1:48 of 3rd period - Deflect By Mike Ribeiro.
1:48 of 3rd period - Shot Misses the Net.
1:50 of 3rd period - Shot by Martin Erat.
1:50 of 3rd period - Shot Misses the Net.
2:18 of 3rd period - Shot by Ryan Callahan.
2:18 of 3rd period - Goal by Ryan Callahan - Thrashers : 1 - Hurricanes : 2.
2:19 of 3rd period - Dave Bolland wins face-off versus Michael Ryder in neutral zone.
2:22 of 3rd period - Minor Penalty to Ryan Malone for Holding.
2:23 of 3rd period - Nik Antropov wins face-off versus Steven Reinprecht in Thrashers zone.
4:16 of 3rd period - Off-side.
4:17 of 3rd period - Antoine Vermette wins face-off versus Michael Ryder in neutral zone.
4:34 of 3rd period - Shot by Dave Bolland.
4:34 of 3rd period - Stopped by Pascal Leclaire with a rebound.
4:39 of 3rd period - Ryan Malone is hit by Brent Sopel and loses puck.
4:46 of 3rd period - Shot by Dave Bolland.
4:46 of 3rd period - Stopped by Pascal Leclaire without a rebound.
4:47 of 3rd period - Jarome Iginla wins face-off versus Antoine Vermette in Hurricanes zone.
4:47 of 3rd period - Michael Ryder is hit by Ryan Callahan and loses puck.
4:57 of 3rd period - Minor Penalty to Sergei Gonchar for Interference.
4:58 of 3rd period - Eric Belanger wins face-off versus Nik Antropov in Thrashers zone.
5:19 of 3rd period - Shot by Jed Ortmeyer.
5:19 of 3rd period - Stopped by Roberto Luongo without a rebound.
5:20 of 3rd period - Steven Reinprecht wins face-off versus Nik Antropov in Thrashers zone.
5:27 of 3rd period - Shot by Steven Reinprecht.
5:27 of 3rd period - Shot Misses the Net.
5:29 of 3rd period - Shot by Andy Greene.
5:29 of 3rd period - Shot Misses the Net.
5:33 of 3rd period - Shot by Jamie Benn.
5:33 of 3rd period - Stopped by Roberto Luongo without a rebound.
5:34 of 3rd period - Jamie Benn wins face-off versus Antoine Vermette in Thrashers zone.
5:35 of 3rd period - Shot by Jarome Iginla.
5:35 of 3rd period - Shot Blocked by Antoine Vermette.
5:37 of 3rd period - Shot by Johnny Oduya.
5:37 of 3rd period - Shot Blocked by Alex Goligoski.
5:39 of 3rd period - Shot by Johnny Oduya.
5:39 of 3rd period - Shot Misses the Net.
5:41 of 3rd period - Shot by Andy Greene.
5:41 of 3rd period - Shot Blocked by Ryan Suter.
5:43 of 3rd period - Shot by Steven Reinprecht.
5:43 of 3rd period - Shot Misses the Net.
5:45 of 3rd period - Shot by Andy Greene.
5:45 of 3rd period - Shot Misses the Net.
5:47 of 3rd period - Shot by Andy Greene.
5:47 of 3rd period - Stopped by Roberto Luongo without a rebound.
5:48 of 3rd period - Nik Antropov wins face-off versus Eric Belanger in Thrashers zone.
5:48 of 3rd period - Nik Antropov is hit by Erik Cole.
6:08 of 3rd period - Shot by Ryan OByrne.
6:08 of 3rd period - Shot Misses the Net.
6:17 of 3rd period - Icing by Erik Cole.
6:18 of 3rd period - Nik Antropov wins face-off versus Eric Belanger in Hurricanes zone.
6:18 of 3rd period - Nik Antropov is hit by Ryan OByrne.
6:54 of 3rd period - Shot by Andy Greene.
6:54 of 3rd period - Stopped by Roberto Luongo without a rebound.
6:55 of 3rd period - Antoine Vermette wins face-off versus Steven Reinprecht in Thrashers zone.
6:57 of 3rd period - Icing by Ryan Suter.
6:58 of 3rd period - Jarome Iginla wins face-off versus Ryan Malone in Thrashers zone.
7:36 of 3rd period - Shot by Brad Boyes.
7:36 of 3rd period - Shot Blocked by Mathieu Schneider.
8:15 of 3rd period - Shot by Steven Reinprecht.
8:15 of 3rd period - Stopped by Roberto Luongo without a rebound.
8:16 of 3rd period - Mike Ribeiro wins face-off versus Eric Belanger in Thrashers zone.
9:27 of 3rd period - Shot by Ryan Malone.
9:27 of 3rd period - Stopped by Pascal Leclaire with a rebound.
9:29 of 3rd period - Shot by Ryan Suter.
9:29 of 3rd period - Stopped by Pascal Leclaire without a rebound.
9:30 of 3rd period - Erik Cole wins face-off versus Nik Antropov in Hurricanes zone.
9:35 of 3rd period - Shot by Brent Sopel.
9:35 of 3rd period - Shot Blocked by Sergei Gonchar.
10:09 of 3rd period - Minor Penalty to Anders Eriksson for Hooking.
10:10 of 3rd period - Brenden Morrow wins face-off versus Jamie Benn in Hurricanes zone.
10:11 of 3rd period - Shot by Christian Ehrhoff.
10:11 of 3rd period - Stopped by Pascal Leclaire with a rebound.
10:15 of 3rd period - Shot by Martin Erat.
10:15 of 3rd period - Deflect By Mike Ribeiro.
10:15 of 3rd period - Shot Misses the Net.
10:17 of 3rd period - Shot by Christian Ehrhoff.
10:17 of 3rd period - Stopped by Pascal Leclaire without a rebound.
10:18 of 3rd period - Jarome Iginla wins face-off versus Martin Erat in Hurricanes zone.
11:19 of 3rd period - Shot by Ryan Callahan.
11:19 of 3rd period - Shot Misses the Net.
11:21 of 3rd period - Shot by Sergei Gonchar.
11:21 of 3rd period - Shot Blocked by Andy Greene.
11:23 of 3rd period - Shot by Alex Goligoski.
11:23 of 3rd period - Shot Misses the Net.
11:27 of 3rd period - Shot by Sergei Gonchar.
11:27 of 3rd period - Shot Blocked by Johnny Oduya.
11:46 of 3rd period - Icing by Ryan Callahan.
11:47 of 3rd period - Ryan Malone wins face-off versus Jamie Benn in Thrashers zone.
12:00 of 3rd period - Shot by Ryan Suter.
12:00 of 3rd period - Stopped by Pascal Leclaire without a rebound.
12:01 of 3rd period - Mike Ribeiro wins face-off versus Jarome Iginla in Hurricanes zone.
12:29 of 3rd period - Shot by Jere Lehtinen.
12:29 of 3rd period - Shot Misses the Net.
12:53 of 3rd period - Alex Goligoski is hit by Michael Ryder and loses puck.
12:54 of 3rd period - Alex Goligoski from Thrashers is injured at 12:54 of 3rd period (Flu).
12:55 of 3rd period - Eric Belanger wins face-off versus Rene Bourque in Thrashers zone.
12:58 of 3rd period - Shot by Erik Cole.
12:58 of 3rd period - Stopped by Roberto Luongo without a rebound.
12:59 of 3rd period - Steven Reinprecht wins face-off versus Antoine Vermette in Thrashers zone.
13:08 of 3rd period - Shot by Steven Reinprecht.
13:08 of 3rd period - Stopped by Roberto Luongo without a rebound.
13:09 of 3rd period - Eric Belanger wins face-off versus Martin Erat in Thrashers zone.
13:18 of 3rd period - Shot by Eric Belanger.
13:18 of 3rd period - Shot Blocked by James Wisniewski.
13:22 of 3rd period - Shot by Jed Ortmeyer.
13:22 of 3rd period - Shot Misses the Net.
13:56 of 3rd period - Shot by Andy Greene.
13:56 of 3rd period - Deflect By Jarome Iginla.
13:56 of 3rd period - Shot Blocked by Christian Ehrhoff.
14:21 of 3rd period - Icing by Ryan Suter.
14:22 of 3rd period - Nik Antropov wins face-off versus Michael Ryder in Thrashers zone.
14:35 of 3rd period - Shot by Brandon Yip.
14:35 of 3rd period - Shot Blocked by Sergei Gonchar.
14:37 of 3rd period - Shot by Jere Lehtinen.
14:37 of 3rd period - Shot Blocked by Antoine Vermette.
14:39 of 3rd period - Shot by Brandon Yip.
14:39 of 3rd period - Goal by Brandon Yip - Thrashers : 1 - Hurricanes : 3.
14:40 of 3rd period - Dave Bolland wins face-off versus Jarome Iginla in neutral zone.
15:08 of 3rd period - Minor Penalty to Johnny Oduya for Hooking.
15:09 of 3rd period - Jarome Iginla wins face-off versus Nik Antropov in Hurricanes zone.
15:09 of 3rd period - Jarome Iginla is hit by Ryan Callahan.
15:42 of 3rd period - Shot by Ryan Callahan.
15:42 of 3rd period - Stopped by Pascal Leclaire without a rebound.
15:43 of 3rd period - Mike Ribeiro wins face-off versus Jere Lehtinen in Hurricanes zone.
16:02 of 3rd period - Shot by James Wisniewski.
16:02 of 3rd period - Stopped by Pascal Leclaire without a rebound.
16:03 of 3rd period - Nik Antropov wins face-off versus Jarome Iginla in Hurricanes zone.
16:06 of 3rd period - Shot by Ryan Callahan.
16:06 of 3rd period - Shot Misses the Net.
16:08 of 3rd period - Shot by Sergei Gonchar.
16:08 of 3rd period - Shot Blocked by Andy Greene.
16:12 of 3rd period - Shot by Antoine Vermette.
16:12 of 3rd period - Goal by Antoine Vermette - Thrashers : 2 - Hurricanes : 3.
16:13 of 3rd period - Mike Ribeiro wins face-off versus Steven Reinprecht in neutral zone.
16:26 of 3rd period - Shot by Brenden Morrow.
16:26 of 3rd period - Shot Misses the Net.
16:28 of 3rd period - Shot by Christian Ehrhoff.
16:28 of 3rd period - Shot Blocked by Johnny Oduya.
16:30 of 3rd period - Shot by Mike Ribeiro.
16:30 of 3rd period - Shot Blocked by Johnny Oduya.
16:54 of 3rd period - Ryan Callahan is hit by Jamie Benn and loses puck.
17:01 of 3rd period - Johnny Oduya is hit by Ryan Callahan.
17:54 of 3rd period - Icing by Brent Sopel.
17:55 of 3rd period - Nik Antropov wins face-off versus Michael Ryder in Hurricanes zone.
17:58 of 3rd period - Shot by Nik Antropov.
17:58 of 3rd period - Stopped by Pascal Leclaire without a rebound.
17:59 of 3rd period - Eric Belanger wins face-off versus Nik Antropov in Hurricanes zone.
17:59 of 3rd period - Eric Belanger is hit by Ryan Callahan.
18:19 of 3rd period - Shot by Erik Cole.
18:19 of 3rd period - Goal by Erik Cole - Thrashers : 2 - Hurricanes : 4.
18:20 of 3rd period - Mike Ribeiro wins face-off versus Michael Ryder in neutral zone.
18:25 of 3rd period - Shot by Christian Ehrhoff.
18:25 of 3rd period - Stopped by Pascal Leclaire with a rebound.
18:27 of 3rd period - Shot by Christian Ehrhoff.
18:27 of 3rd period - Shot Misses the Net.
18:31 of 3rd period - Shot by Rene Bourque.
18:31 of 3rd period - Shot Misses the Net.


Output by the SimonT Hockey Simulator (STHS) for Stephane Roy -- Original Page W3C XHTML 1.0 Valid